 Dungeon Sprint DCSS version 0.17-a0-1804-gf6433eb (webtiles) character file.

79 nuthulu the Skirmisher (level 4, -2/46 HPs)
             Began as a Gargoyle Fighter on Sept 11, 2015.
             Slain by a water elemental (9 damage)
             ... in the Dungeon (Sprint III: "The Ten Rune Challenge").
             The game lasted 00:01:34 (693 turns).

nuthulu the Skirmisher (Gargoyle Fighter)            Turns: 693, Time: 00:01:35

Health: -2/46      AC: 12    Str: 24    XL:     4   Next: 37%
Magic:  4/4        EV:  8    Int:  9    God:
Gold:   31         SH: 10    Dex: 10    Spells: 0 memorised, 3 levels left

rFire  . . .     SeeInvis .     a - +0 flail
rCold  . . .     Clarity  .     b - +0 scale mail
rNeg   + . .     SustAt   .     c - +0 shield
rPois  ∞         Gourm    .     (no helmet)
rElec  +         Spirit   .     g - +0 cloak
rCorr  .         Warding  .     (no gloves)
rMut   .         NoTele   +     (no boots)
MR     .....                    (no amulet)
Stlth  ..........               (no ring)
                                (no ring)

@: berserking, very quick, not resistant to hostile enchantments, extremely
unstealthy
A: negative energy resistance 1, electricity resistance, unbreathing,
petrification resistance, rot immunity, AC +3
a: no special abilities


You were in the Dungeon.
You were not hungry.

You visited 1 branch You collected 31 gold pieces.

Inventory:

Hand weapons
 a - a +0 flail (weapon)
Armour
 b - a +0 scale mail (worn)
 c - a +0 shield (worn)
 g - a +0 cloak (worn)
Scrolls
 k - a scroll of blinking
 m - a scroll of holy word {unknown}
 n - 2 scrolls of identify
 o - a scroll of magic mapping {unknown}
 s - a scroll of immolation {unknown}
 t - a scroll of enchant weapon {unknown}
Potions
 f - 2 potions of curing
 h - a potion of haste
 i - 2 potions of magic
 q - a potion of cure mutation
 r - a potion of brilliance {unknown}
Comestibles
 e - a bread ration
 p - a royal jelly
 u - a meat ration


   Skills:
 + Level 5.5 Fighting
 + Level 4.5 Maces & Flails
 + Level 5.4 Armour
 + Level 5.5 Shields


You had 3 spell levels left.
You didn't know any spells.

Dungeon Overview and Level Annotations

Branches:
Dungeon (1/1)

Altars:


Innate Abilities, Weirdness & Mutations

You are resistant to torment.
Your stone body is resilient (AC +3).
You are immune to poison.
You resist negative energy.
You are resistant to electric shocks.
You can survive without breathing.
You are immune to petrification.
You are immune to rotting.


Message History

The water engulfing you falls away. You block the water elemental's attack.
You barely miss the water elemental.
The water elemental is moderately damaged.
The water elemental hits you.
The water elemental engulfs you in water!
With effort, you pull free of the water engulfing you.
The water engulfing you falls away.
You hit the water elemental.
The water elemental is moderately damaged.
The water elemental hits you!
* * * LOW HITPOINT WARNING * * *
You block the water elemental's attack.
Drink which item? (? for menu, Esc to quit)
A red film seems to cover your vision as you go berserk!
You feel yourself moving faster!
You feel mighty! You block the water elemental's attack.
Your shield and scale mail prevent you from hitting the water elemental.
The water elemental is moderately damaged.
The water elemental hits you!
You die...

▓#'####....♣♣ ♣♣.#
▓.....#....≈♣♣♣♣..# #+#+#
▓.....#...≈≈..♣...#......
▓.....#..≈≈≈≈..♣..'.⌠....
▓####'#..≈≈≈≈≈≈♣..#...###
▓...).#.≈≈≈≈≈≈....# ⌠.#
▓.....#.≈≈≈≈≈.....# .#
▓.....#.≈≈≈.......# #
▓!#####)....@E....#
▓.................#
▓▓▓▓▓▓▓▓▓▓▓▓▓▓▓▓▓▓▓


You could see a water elemental.

Vanquished Creatures
  Crazy Yiuf (D)
  Jessica (D)
  A human (D)
  An ooze (D)
  2 rats (D)
6 creatures vanquished.

Vanquished Creatures (others)
  2 draconian scorchers (D)
  A yaktaur (D)
  A plant (D)
4 creatures vanquished.

Grand Total: 10 creatures vanquished

Notes
Turn   | Place    | Note
--------------------------------------------------------------
     0 | D        | nuthulu the Gargoyle Fighter began the quest for the Orb.
     0 | D        | Reached XP level 1. HP: 14/14 MP: 1/1
    36 | D        | Noticed Jessica
    46 | D        | Killed Jessica
    46 | D        | Reached skill level 4 in Fighting
    46 | D        | Reached XP level 2. HP: 3/20 MP: 2/2
    46 | D        | Reached XP level 3. HP: 3/24 MP: 3/3
   169 | D        | Killed a white draconian scorcher
   192 | D        | Killed a white draconian scorcher
   282 | D        | Killed a yaktaur
   378 | D        | Reached skill level 5 in Fighting
   378 | D        | Reached skill level 5 in Armour
   378 | D        | Reached skill level 5 in Shields
   478 | D        | Noticed Crazy Yiuf
   482 | D        | Paralysed by Crazy Yiuf for 2 turns
   492 | D        | HP: 1/26 [Crazy Yiuf/quarterstaff of chaos (5)]
   497 | D        | Killed Crazy Yiuf
   497 | D        | Reached XP level 4. HP: 14/31 MP: 2/4
   662 | D        | Gained mutation: Your spells are a little easier to cast, but a little less powerful. [potion of mutation]
   662 | D        | Gained mutation: Your large and strong wings let you fly indefinitely. [potion of mutation]
   662 | D        | Gained mutation: Your body sometimes deteriorates upon taking damage. [potion of mutation]
   663 | D        | Gained mutation: Your body often deteriorates upon taking damage. [potion of mutation]
   663 | D        | Gained mutation: You tend to lose your temper in combat. [potion of mutation]
   664 | D        | Lost mutation: You tend to lose your temper in combat. [potion of cure mutation]
   664 | D        | Lost mutation: Your large and strong wings let you fly indefinitely. [potion of cure mutation]
   664 | D        | Lost mutation: Your spells are a little easier to cast, but a little less powerful. [potion of cure mutation]
   665 | D        | Lost mutation: Your body often deteriorates upon taking damage. [potion of cure mutation]
   665 | D        | Lost mutation: Your body sometimes deteriorates upon taking damage. [potion of cure mutation]
   679 | D        | Noticed a water elemental
   693 | D        | Slain by a water elemental

Vault maps used:
D:        dungeon_sprint_mu

Action                   |  1- 3 |  4- 6 || total
-------------------------+-------+-------++-------
Melee: Flail             |    35 |     7 ||    42
  Use: Potion            |     2 |     5 ||     7
       Scroll            |     1 |     1 ||     2
